Match 42424700
Unlisted

Match 42424700
End
Construct Section Command Post
Vickers Machine Gun Team
Selects Canadian Shock Battlegroup
Infantry Section
Infantry Section
Selects Attacking Spirit
Selects Canadian Shock Section
Canadian Shock Section
Construct Platoon Command Post
6-pounder Anti-tank Gun Team
Unlock M3 Stuart Light Tanks
Construct Field Infirmary
M3 Stuart Light Tank
6-pounder Anti-tank Gun Team
Selects Burnout
Selects Pyrotechnics
Selects Burnout
Selects Pyrotechnics
AI Takeover
Jean Pistre
Loutre Fourbe
Saueee
[UA]Lich
0
0

Comments sign in to comment!

No comments posted yet!